 Dungeon Crawl Stone Soup version 0.30-a0-374-g95c0257040 (webtiles) character file.

Game seed: 890390179299465116

2032 Haldmier the Basher (level 9, -10/58 (75) HPs)
             Began as an Armataur Delver on Nov 26, 2022.
             Was an Initiate of Okawaru.
             Shot with an arrow by something (13 damage)
             ... on level 6 of the Dungeon.
             The game lasted 00:27:38 (6375 turns).

Haldmier the Basher (Armataur Delver)               Turns: 6375, Time: 00:27:38

HP:   -10/58 (75)   AC: 13    Str: 28    XL:     9   Next: 3%
MP:   3/3           EV:  9    Int: 10    God:    Okawaru [......]
Gold: 364           SH:  0    Dex: 18    Spells: 8/8 levels left

rFire   . . .      SeeInvis .    n - +7 mace "Yridulur" {antimagic, Fly rC+}
rCold   + . .      Faith    .    (no shield)
rNeg    . . .      Spirit   .    m - +2 ring mail {rPois}
rPois   +          Reflect  .    f - +2 hat
rElec   .          Harm     .    y - +0 cloak
rCorr   .          Roll     +    H - +1 pair of gloves
Will    .....                    (no barding)
Stlth   +++.......               (no amulet)
HPRegen 0.29/turn                l - +6 ring of strength
MPRegen 0.08/turn                C - +6 ring of dexterity

@: about to teleport, flying, heavily drained, invisible
A: large, rugged brown scales 3, deformed body, armoured tail, roll, long
tongue, awkward tongue
a: Renounce Religion


You were on level 6 of the Dungeon.
You worshipped Okawaru.
Okawaru was noncommittal.
You visited 2 branches of the dungeon, and saw 8 of its levels.
You also visited: Sewer.

You collected 364 gold pieces.

Inventory:

Hand Weapons
 b - a +4 vorpal flail
 n - the +7 mace "Yridulur" (weapon) {antimagic, Fly rC+}
   (You found it on level 7 of the Dungeon)

   It reduces the magical energy of the wielder, and disrupts the spells and
   magical abilities of those it strikes.
   Natural abilities and divine invocations are not affected.
   rC:        It protects you from cold.
   Fly:       It grants you flight.
 q - a +2 hand axe of venom
Missiles
 d - 37 poisoned darts
 i - 78 stones
 k - 5 javelins (quivered)
 D - 4 boomerangs
 O - 2 curare-tipped darts
Armour
 a - the +3 scale mail of the Ladybird {*Slow rF+ rN+ Will++}
   (You found it on level 3 of the Dungeon)

   rF:        It protects you from fire.
   rN:        It protects you from negative energy.
   *Slow:     It may slow you when you take damage.
   Will:      It greatly increases your willpower.
 f - a +2 hat (worn)
 m - a +2 ring mail of poison resistance (worn)
 p - a +0 robe of cold resistance
 y - a +0 cloak (worn)
 H - a +1 pair of gloves (worn)
Jewellery
 l - a +6 ring of strength (left hand)
 C - a +6 ring of dexterity (right hand)
 I - a ring of resist corrosion
Wands
 g - a wand of digging (3)
 r - a wand of charming (12)
Scrolls
 c - a scroll of fog
 o - a scroll of summoning {unknown}
 s - a scroll of enchant armour
 t - a scroll of amnesia {unknown}
 u - 2 scrolls of teleportation
 v - a scroll of blinking {unknown}
 z - 2 scrolls of fear
 A - a scroll of enchant weapon {unknown}
 G - a scroll of poison
Potions
 e - 3 potions of curing
 h - a potion of magic
 j - 2 potions of brilliance
 w - 2 potions of invisibility
 x - 4 potions of haste
 B - a potion of resistance
 E - 2 potions of attraction
 J - a potion of ambrosia
 K - a potion of lignification
 L - a potion of flight {unknown}
 M - a potion of might
 N - a potion of degeneration


   Skills:
 + Level 4.0 Fighting
 * Level 10.2 Maces & Flails
 + Level 3.5 Armour
 - Level 1.3 Dodging
 - Level 5.4 Stealth


You had 8 spell levels left.
You didn't know any spells.
Your spell library contained the following spells:

 Spells                   Type           Power      Damage    Failure   Level
 Freeze                   Ice            0%         1d3       50%         1
 Frozen Ramparts          Ice            0%         1d1       86%         3
 Gell's Gravitas          Tloc           0%         N/A       86%         3
 Hailstorm                Conj/Ice       0%         3d3       86%         3
 Inner Flame              Hex/Fire       0%         N/A       86%         3
 Lesser Beckoning         Tloc           0%         N/A       86%         3
 Teleport Other           Tloc           0%         N/A       86%         3
 Cause Fear               Hex            0%         N/A       99%         4
 Manifold Assault         Tloc           0%         N/A       99%         4
 Dispersal                Tloc           0%         N/A       100%        6
 Discord                  Hex            0%         N/A       100%        8
 Disjunction              Tloc           0%         N/A       100%        8


Dungeon Overview and Level Annotations

Branches:
Dungeon (7/15)             Temple (1/1) D:5           Sewer (visited)

Altars:
Ashenzari
Cheibriados
Dithmenos
Elyvilon
Fedhas
Gozag
Makhleb
Nemelex Xobeh
Okawaru
Qazlal
Ru
Sif Muna
Uskayaw
Vehumet
Xom
Yredelemnul
Zin
The Shining One

Annotations:
D:5 3 runed translucent doors, NoAnimeNoLife's ghost, novice FoFi; RatherSlowDeath's ghost, novice DsHs


Innate Abilities, Weirdness & Mutations

You are completely covered in rugged brown scales. (AC +3, +7% HP)
Armour fits poorly on your strangely shaped body.
You have a long armoured tail.
You roll when moving toward enemies. (Rampage)
Your long tongue fully drains potion bottles. (2x potion effects)
Your tongue gives you trouble enunciating. (1.5x scroll delay)


Message History

An arrow appears from out of thin air!
The arrow hits you.
You feel drained.
You hear a shout! x2
You hear a twanging sound.
An arrow appears from out of thin air!
The arrow hits you but does no damage.
You feel drained.
You hear a shout! x2
You hear a twanging sound.
An arrow appears from out of thin air!
The arrow hits you but does no damage.
You feel drained.
You hear a twanging sound.
An arrow appears from out of thin air!
The arrow hits you.
You feel drained.
You hear a shout! x2
You thump the ogre!
The ogre is moderately wounded.
You hear a twanging sound.
An arrow appears from out of thin air!
The arrow hits you.
You feel drained.
You barely miss the ogre.
The ogre is moderately wounded.
You hear a twanging sound.
An arrow appears from out of thin air!
The arrow hits you.
You feel drained. The ogre barely misses you.
You hit the ogre.
Your tail-slap misses the ogre.
The ogre is moderately wounded.
You hear a twanging sound.
An arrow appears from out of thin air!
The arrow hits you!
You feel drained.
The ogre hits you with a +0 giant spiked club.
As you slowly read the scroll of teleportation, it crumbles to dust.
You feel strangely unstable.
You hear a twanging sound.
An arrow appears from out of thin air!
The arrow hits you!
You feel drained.
You hear a twanging sound.
An arrow appears from out of thin air!
The arrow hits you but does no damage.
You feel drained.
The ogre hits you with a +0 giant spiked club!
* * * LOW HITPOINT WARNING * * *
You slurp down every last drop of the 3 potions of invisibility!
You fade into invisibility!
You hear a twanging sound.
An arrow appears from out of thin air!
The arrow hits you!
You die...

.##..##.............P...P........
.###.....PP....PPP..P...P........
.###.......P...PP..PP...P........
###......P.......................
..........P..8...................
.........P.......................
.........P.....PP.P.PP..P........
##........PP....P.P..PPPP........
...##...........@....P.PP..#.....
....#...........O...PP.PP..##..#.
#..##.#...........{.PP.PP........
....#....PP.PPPP...............##
.#....#..PPPPP.PP...PP.PP..#####
##....#..PPPP.PPPO..PP.PP..#
#........PP.PPPPP..........#
....#..!...................#
..#####..................###


You could see 2 ogres.

Vanquished Creatures
  Grinder (D:4)
  The ghost of NoAnimeNoLife the Trooper, an amateur OpTm (D:3)
  Menkaure (D:4)
  2 water moccasins
  A black bear (D:5)
  An ogre (D:6)
  A phantom (D:6)
  A kobold brigand (Sewer)
  A necrophage (D:7)
  2 scorpions
  3 howler monkeys (D:7)
  2 gnoll boudas (D:5)
  4 hounds
  Crazy Yiuf (D:4)
  An orc priest (D:2)
  3 iguanas
  3 orc wizards
  Robin (D:2)
  10 gnolls
  8 adders
  9 river rats (Sewer)
  A shadow imp (D:6)
  A white imp (D:5)
  A dart slug (D:2)
  A worm (D:4)
  14 orcs
  6 bats
  7 endoplasms
  7 giant cockroaches
  12 goblins
  8 hobgoblins
  3 jackals (D:1)
  3 quokkas
  12 ball pythons
  3 frilled lizards
  15 kobolds
  22 rats
173 creatures vanquished.

Vanquished Creatures (others)
  2 plants (D:3)
2 creatures vanquished.

Grand Total: 175 creatures vanquished

Notes
Turn   | Place    | Note
-------+----------+-------------------------------------------
     0 | D:5      | Haldmier the Armataur Delver began the quest for the Orb.
     0 | D:5      | Reached XP level 1. HP: 19/19 MP: 1/1
    11 | D:5      | Noticed an iguana
    32 | D:6      | Noticed an ogre
    32 | D:6      | Noticed an iguana
    46 | D:6      | Noticed an orc wizard
    51 | D:6      | Noticed an ogre
    52 | D:6      | Noticed a hound
    72 | D:6      | Noticed a scorpion
   141 | D:7      | Found a blossoming altar of Fedhas.
   249 | D:7      | Noticed a howler monkey
   255 | D:7      | Reached skill level 2 in Maces & Flails
   255 | D:7      | Reached XP level 2. HP: 23/26 MP: 2/2
   258 | D:7      | Killed a howler monkey
   259 | D:7      | Reached skill level 3 in Maces & Flails
   259 | D:7      | Reached XP level 3. HP: 26/32 MP: 3/3
   320 | D:7      | Reached skill level 4 in Maces & Flails
   320 | D:7      | Reached XP level 4. HP: 24/39 MP: 4/4
   417 | D:7      | Noticed a gnoll sergeant
   531 | D:6      | Reached XP level 5. HP: 33/44 MP: 5/5
   581 | D:6      | Reached skill level 5 in Maces & Flails
   629 | D:6      | Noticed an ogre
   650 | D:7      | Reached XP level 6. HP: 39/53 MP: 6/6
   730 | D:7      | Noticed a sky beast
   794 | D:6      | Reached skill level 6 in Maces & Flails
  1092 | D:7      | Noticed a water moccasin
  1115 | D:7      | Killed a water moccasin
  1131 | D:7      | Identified the +7 mace "Yridulur" {antimagic, Fly rC+}
  1266 | D:6      | Reached skill level 7 in Maces & Flails
  1266 | D:6      | Reached XP level 7. HP: 34/59 MP: 2/7
  1601 | D:4      | Noticed Menkaure
  1621 | D:4      | Reached skill level 8 in Maces & Flails
  1690 | D:4      | Noticed Grinder
  1703 | D:4      | Killed Grinder
  1789 | D:4      | Found a glowing drain.
  1812 | Sewer    | Entered a sewer
  1932 | Sewer    | Reached XP level 8. HP: 65/66 MP: 2/8
  2117 | Sewer    | Reached skill level 9 in Maces & Flails
  2440 | D:3      | Found a glowing silver altar of Zin.
  2447 | D:2      | Noticed Robin
  2471 | D:2      | Killed Robin
  3884 | D:3      | Reached skill level 1 in Armour
  3891 | D:3      | Found a transporter.
  3891 | D:3      | Noticed NoAnimeNoLife's ghost (amateur OpTm)
  4013 | D:3      | Identified the +3 scale mail of the Ladybird {*Slow rF+ rN+
                  | Will++}
  4116 | D:3      | Found a transporter.
  4173 | D:3      | Killed NoAnimeNoLife's ghost
  4790 | D:4      | Killed Menkaure
  4846 | D:4      | Found a runed translucent door.
  4847 | D:4      | Noticed Crazy Yiuf
  4853 | D:4      | Killed Crazy Yiuf
  4961 | D:5      | Found a staircase to the Ecumenical Temple.
  4975 | Temple   | Entered the Ecumenical Temple
  4983 | Temple   | Became a worshipper of Warmaster Okawaru
  5632 | D:5      | Found a runed translucent gate.
  5633 | D:5      | Found a runed translucent gate.
  5633 | D:5      | Found a runed translucent gate.
  5640 | D:5      | Noticed RatherSlowDeath's ghost (novice DsHs)
  5641 | D:5      | Noticed NoAnimeNoLife's ghost (novice FoFi)
  5660 | D:5      | Reached skill level 10 in Maces & Flails
  5824 | D:5      | Reached XP level 9. HP: 65/75 MP: 3/9
  6375 | D:6      | Shot with an arrow by something

Illustrated notes

Levels and vault maps discovered:
D:1:      dpeg_arrival_ratfight, layout_rooms
D:2:      minmay_wonky_spiral, layout_basic, uniq_robin
D:3:      layout_rooms, mainiacjoe_overflow_boulevard, gammafunk_ghost_arena
D:4:      layout_loops_cross, cheibrodos_sewer_entry_bend, uniq_menkaure,
          uniq_grinder, uniq_crazy_yiuf_cottage
D:5:      layout_loops_ring, minmay_temple_entry_hall, gammafunk_ghost_cemetery
D:6:      layout_cave_pools, serial_park, serial_park_paths
          [serial_park_minivault_5x5_8], serial_park_square3
          [serial_park_minivault_5x5_3], kennysheep_nub
D:7:      layout_loops_corners, lemuel_round_altar, serial_shops,
          nicolae_shop_crystal, nicolae_concentric_dashed_squares_mild,
          minmay_checkerbox
Temple:   compressed_dpeg_triangle_lava_temple

Skill      XL: |  1  2  3  4  5  6  7  8  9 |
---------------+----------------------------+-----
Maces & Flails | 2 3 4 5 7 8 10 | 10.2
Armour         | 3 |  3.5
Fighting       | 3 4 |  4.0
Dodging        | |  1.3
Stealth        | |  5.4

Action                   |  1- 3 |  4- 6 |  7- 9 || total
-------------------------+-------+-------+-------++-------
Melee: Mace              |    15 |    59 |   283 ||   357
       Tailslap          |     3 |     9 |    27 ||    39
       Punch             |       |       |     2 ||     2
Throw: Javelin           |       |     4 |     4 ||     8
       Dart              |       |     4 |       ||     4
  Use: Scroll            |     2 |     1 |    14 ||    17
       Potion            |       |     2 |     1 ||     3
 Stab: Sleeping          |       |       |    28 ||    28
       Distracted        |       |       |     1 ||     1
Armor: Leather armour    |     3 |     9 |       ||    12
       Ring mail         |       |     7 |    85 ||    92
Dodge: Dodged            |     8 |    23 |    89 ||   120

Table legend: (Time is in decaauts)
 A = Elapsed time spent in this place.
 B = Non-inter-level travel time spent in this place.
 C = Inter-level travel time spent in this place.
 D = Time resting spent in this place.
 E = Time spent auto-exploring this place.
 F = Levels seen in this place.
 G = Mean time per level.
                   A        B        C        D        E       F      G
               +--------+--------+--------+--------+--------+-----+--------+
         Total |   6367 |   6010 |    357 |    900 |   2803 |   9 |  707.4 |
       Dungeon |   5561 |   5204 |    357 |    864 |   2304 |   7 |  794.4 |
        Temple |    315 |    315 |      0 |      0 |    285 |   1 |  315.0 |
         Sewer |    490 |    490 |      0 |     36 |    214 |   1 |  490.0 |
               +--------+--------+--------+--------+--------+-----+--------+

Top non-repeatable levels by time:
     D:5: 1098 daAuts
     D:4: 1084 daAuts
     D:2: 1049 daAuts
     D:7: 694 daAuts
     D:6: 661 daAuts
     D:3: 569 daAuts
   Sewer: 490 daAuts
     D:1: 402 daAuts
  Temple: 315 daAuts
